 Dungeon Crawl Stone Soup version 0.29-a0-823-gc37b1572da (webtiles) character file.

Game seed: 7650105216807048691

40170 Monkooky the Bludgeoner (level 14, -3/90 HPs)
             Began as a Gargoyle Berserker on July 7, 2022.
             Was a High Priest of Trog.
             Slain by a starflower (5 damage)
             ... on level 3 of the Abyss on July 8, 2022.
             The game lasted 00:57:38 (19270 turns).

Monkooky the Bludgeoner (Gargoyle Berserker)       Turns: 19270, Time: 00:57:38

Health: -3/90      AC: 33    Str: 30    XL:     14   Next: 9%
Magic:  14/14      EV: 12    Int: 10    God:    Trog [*****.]
Gold:   1060       SH:  0    Dex:  9    Spells: 13/13 levels left

rFire   + . .      SeeInvis .   j - +2 morningstar (holy)
rCold   + . .      Faith    .   (no shield)
rNeg    + . .      Spirit   .   a - +0 plate armour
rPois   ∞          Reflect  .   Z - +2 helmet
rElec   +          Harm     .   V - scarf {rC+ rF+}
rCorr   .          Rampage  .   b - +2 pair of gloves
Will    +++..                   c - +0 pair of boots
Stlth   ..........              Q - amulet of the acrobat
HPRegen 1.25/turn               O - +6 ring of strength
MPRegen 0.14/turn               P - +4 ring of evasion

@: strong-willed, flying, regenerating, studying Shields
A: sickness immunity, AC +10, big wings, negative energy resistance 1,
electricity resistance, torment resistance 1, petrification resistance
a: Renounce Religion, Berserk, Trog's Hand, Brothers in Arms


You were on level 3 of the Abyss.
You worshipped Trog.
Trog was extremely pleased with you.
You visited 2 branches of the dungeon, and saw 17 of its levels.
You visited the Abyss 1 time.
You also visited: Sewer, Ossuary and Volcano.

You collected 1114 gold pieces.
You spent 54 gold pieces at shops.

Inventory:

Hand Weapons
 j - a +2 morningstar of holy wrath (weapon)
Missiles
 l - 3 atropa-tipped darts
 n - 8 boomerangs
 x - 28 poisoned darts (quivered)
 S - a throwing net
Armour
 a - a +0 plate armour (worn)
 b - a +2 pair of gloves (worn)
 c - a +0 pair of boots (worn)
 K - a +0 cloak
 V - a scarf of resistance (worn)
 Z - a +2 helmet (worn)
Jewellery
 r - a ring of protection from cold
 G - a ring of fire
 O - a +6 ring of strength (left hand)
 P - a +4 ring of evasion (right hand)
 Q - an amulet of the acrobat (around neck)
 U - an amulet of reflection
Wands
 i - a wand of flame (8)
 m - a wand of polymorph (14)
 s - a wand of roots (10)
 C - a wand of mindburst (1)
 R - a wand of quicksilver (13)
Scrolls
 f - a scroll of enchant armour
 t - a scroll of acquirement
 w - a scroll of blinking
 y - a scroll of fear
 A - 2 scrolls of fog {unknown}
 B - a scroll of summoning
 D - 3 scrolls of enchant weapon {unknown}
 E - a scroll of brand weapon
 F - 3 scrolls of teleportation
 J - a scroll of immolation
 L - 2 scrolls of vulnerability
 M - 2 scrolls of poison
 N - 2 scrolls of noise {unknown}
 T - a scroll of silence
 X - a scroll of torment
Potions
 d - 3 potions of resistance
 e - 6 potions of curing {unknown}
 g - 6 potions of haste
 h - 6 potions of brilliance {unknown}
 k - 2 potions of berserk rage
 o - 2 potions of magic
 p - 2 potions of mutation
 q - 3 potions of might
 u - 8 potions of lignification
 v - 3 potions of cancellation
 z - 3 potions of heal wounds
 H - 2 potions of flight
 I - a potion of attraction
 Y - a potion of ambrosia
Miscellaneous
 W - a tin of tremorstones (inert)


   Skills:
 - Level 11.4 Fighting
 - Level 16.0 Maces & Flails
 - Level 6.0 Throwing
 - Level 10.5 Armour
 - Level 1.7 Dodging
 - Level 1.8 Stealth
 + Level 9.4 Evocations


You had 13 spell levels left.
You didn't know any spells.
Your spell library was empty.

Dungeon Overview and Level Annotations

Branches:
Dungeon (14/15)            Temple (0/1) D:6            Lair (3/6) D:11
  Swamp (0/4) Lair:2          Orc (0/2) D:9           Sewer (visited)
Ossuary (visited)         Volcano (visited)
  Snake: Lair:2-4    Spider: Lair:2-4    Vaults: D:13-14

Altars:
Cheibriados
Elyvilon
Hepliaklqana
Kikubaaqudgha
Okawaru
Uskayaw
Wu Jian
Xom
Zin

Shops:
D:8 [   D:12 [

Annotations:
D:1 exclusion: downstairs
D:2 Sigmund
D:9 Erolcha


Innate Abilities, Weirdness & Mutations

You are immune to sickness and miasma.
Your stone body is resilient. (AC +10)
You are immune to poison.
Your large and strong wings let you fly.
You resist negative energy. (rN+)
You are resistant to electric shocks. (rElec)
You are resistant to unholy torment.
You are immune to petrification.


Message History

The burst of rock shards engulfs the starflower but does no damage. x3
The tin is emptied!
The grasping roots constrict the starflower.
The grasping roots constrict the starflower!
The grasping roots constrict the starflower.
The grasping roots constrict the starflower!
You hear a roar!
The fire bat barely misses you.
The starflower tentacle-slaps you but does no damage.
The starflower tentacle-slaps you.
The starflower tentacle-slaps you but does no damage.
The starflower tentacle-slaps you! The starflower barely misses you.
The starflower tentacle-slaps you but does no damage.
The starflower tentacle-slaps you. Space warps around you.
The starflower tentacle-slaps you but does no damage. x2
The starflower misses you. The starflower tentacle-slaps you.
The starflower tentacle-slaps you but does no damage.
Unknown command.
Unknown command.
Your skin crawls.
You feel strong-willed.
The grasping roots constrict the starflower! x2
The grasping roots constrict the starflower. x2
The roots release their grip on the starflower. x3
The starflower barely misses you. The starflower misses you.
The starflower tentacle-slaps you but does no damage.
The starflower tentacle-slaps you!
* * * LOW HITPOINT WARNING * * *
Space warps horribly around you!
* * * LOW HITPOINT WARNING * * *
The starflower completely misses you. The starflower tentacle-slaps you.
* * * LOW HITPOINT WARNING * * *
Space warps around you.
* * * LOW HITPOINT WARNING * * *
The starflower misses you.
The starflower tentacle-slaps you but does no damage.
The starflower tentacle-slaps you.
* * * LOW HITPOINT WARNING * * *
Space warps around you.
You die...

#.#.#..#.##
#..##.#.#.#
#.. #....# #..
.#.#. #
##X#..##..##
#..#### .##
.....# ##
..♣.P.## .#
...♣@4b.# #.
#.....PPP...#
##
.#.#.....#...#
##...## ..#
.###. .# ## #
.# .


You could see 4 starflowers, a large abomination, a chaos spawn and a fire bat.

Vanquished Creatures
  Frances (D:12)
  Josephine (D:11)
  2 boulder beetles
  2 hydras
  5 centaur warriors (D:14)
  3 two-headed ogres
  A thrashing horror (Abyss:3)
  Sonja (D:12)
  A sixfirhy (D:11)
  A wizard (Volcano)
  Pikel (D:6)
  10 ugly things
  4 deep elf pyromancers
  A manticore (D:12)
  3 cyclopes
  Maurice (D:11)
  A black mamba (Lair:2)
  A gargoyle (D:12)
  2 cane toads
  A rime drake (Lair:3)
  A kobold demonologist (D:11)
  An unseen horror (D:12)
  Psyche (D:10)
  7 komodo dragons (Lair:1)
  An ancient zyme (Abyss:3)
  4 trolls
  2 polar bears
  8 slime creatures
  2 vampires (D:10)
  Eustachio (D:5)
  3 wyverns
  5 wraiths
  34 yaks
  5 fire bats
  A steam dragon (D:7)
  12 vampire mosquitoes
  5 water moccasins
  A small abomination (Abyss:3)
  A swamp drake (D:9)
  A sky beast (D:7)
  3 black bears
  An ice beast (D:3)
  3 orc warriors
  2 ogres
  13 centaurs
  4 lemures (D:6)
  7 kobold brigands
  10 bullfrogs
  2 scorpions
  A necrophage (D:6)
  3 wights (D:9)
  5 killer bees (D:10)
  4 howler monkeys
  5 electric eels
  A quasit (Abyss:3)
  4 jellies
  2 hounds
  2 gnoll boudas (D:8)
  5 orc priests
  Jessica (D:2)
  12 iguanas
  Ijyb (D:4)
  9 orc wizards
  A mummy (Ossuary)
  8 gnolls
  10 adders
  3 river rats
  3 white imps
  2 ufetubi
  3 worms
  A dart slug (D:2)
  39 orcs
  3 spectral bats (Ossuary)
  6 bats
  2 bat simulacra (Ossuary)
  9 endoplasms
  4 giant cockroaches
  8 goblins
  7 hobgoblins
  17 kobolds
  4 quokkas
  6 ball pythons
  23 frilled lizards
  12 gnoll zombies (Ossuary)
  2 goblin simulacra (Ossuary)
  2 goblin zombies (Ossuary)
  3 hobgoblin zombies (Ossuary)
  A kobold simulacrum (Ossuary)
  5 kobold zombies (Ossuary)
  8 orc zombies (Ossuary)
  7 rats
  2 spectral goblins (Ossuary)
  4 spectral kobolds (Ossuary)
  4 spectral rats (Ossuary)
448 creatures vanquished.

Vanquished Creatures (others)
  A swamp drake (Lair:1)
  2 iguanas (Lair:1)
  A quokka (D:14)
  3 frilled lizards (Lair:1)
  6 plants (Lair:1)
13 creatures vanquished.

Grand Total: 461 creatures vanquished

Notes
Turn   | Place    | Note
-------+----------+-------------------------------------------
     0 | D:1      | Monkooky the Gargoyle Berserker began the quest for the
                  | Orb.
     0 | D:1      | Reached XP level 1. HP: 14/14 MP: 1/1
   200 | D:1      | Reached XP level 2. HP: 13/19 MP: 2/2
   644 | D:1      | Found a faded altar of an unknown god.
   803 | D:1      | Reached XP level 3. HP: 23/23 MP: 3/3
  1194 | D:2      | Reached skill level 4 in Maces & Flails
  1250 | D:2      | Noticed Jessica
  1255 | D:2      | Killed Jessica
  1255 | D:2      | Noticed Sigmund
  1256 | D:2      | Reached XP level 4. HP: 20/28 MP: 4/4
  1513 | D:3      | Noticed an ice beast
  1515 | D:3      | Reached skill level 1 in Evocations
  1551 | D:3      | Killed an ice beast
  1552 | D:3      | Reached XP level 5. HP: 31/32 MP: 5/5
  1692 | D:3      | Reached ** piety under Trog
  2093 | D:3      | Reached skill level 5 in Maces & Flails
  2174 | D:3      | Reached XP level 6. HP: 36/37 MP: 6/6
  2561 | D:3      | Found a snail-covered altar of Cheibriados.
  3807 | D:4      | Noticed Ijyb
  3835 | D:4      | Killed Ijyb
  4120 | D:5      | Entered Level 5 of the Dungeon
  4182 | D:5      | Reached skill level 6 in Maces & Flails
  4221 | D:5      | Reached XP level 7. HP: 32/41 MP: 7/7
  4565 | D:5      | Reached skill level 7 in Maces & Flails
  4594 | D:5      | Found a glowing drain.
  4598 | Sewer    | Entered a sewer
  4659 | Sewer    | Upgraded the game from 0.29-a0-821-g66395355a5 to
                  | 0.29-a0-823-gc37b1572da
  5244 | Sewer    | Reached skill level 5 in Fighting
  5351 | D:5      | Noticed a +0 short sword
  5351 | D:5      | Noticed a +0 spear
  5352 | D:5      | Noticed a +0 spear
  5352 | D:5      | Noticed a +0 short sword
  5353 | D:5      | Noticed a +0 falchion
  5353 | D:5      | Noticed a +0 dagger
  5354 | D:5      | Noticed a +0 falchion
  5354 | D:5      | Noticed a +0 dagger
  5359 | D:5      | Found a hide-covered altar of Uskayaw.
  5362 | D:5      | Noticed Eustachio
  5790 | D:5      | Killed Eustachio
  5791 | D:5      | Reached XP level 8. HP: 46/49 MP: 8/8
  5979 | D:5      | Reached skill level 8 in Maces & Flails
  6534 | D:6      | Found a staircase to the Ecumenical Temple.
  6559 | D:6      | Reached skill level 9 in Maces & Flails
  6602 | D:6      | Identified the +4 scale mail "Varataihuz" {rF- Dex+7}
  6692 | D:6      | Noticed Pikel
  6722 | D:6      | Identified a scroll of acquirement
  6723 | D:6      | Acquired a +2 morningstar of holy wrath
  6769 | D:6      | Killed Pikel
  6770 | D:6      | Reached skill level 10 in Maces & Flails
  6770 | D:6      | Reached XP level 9. HP: 54/54 MP: 9/9
  6798 | D:6      | Found a sand-covered staircase.
  6807 | Ossuary  | Entered an ossuary
  6929 | Ossuary  | Reached *** piety under Trog
  7630 | D:6      | Reached **** piety under Trog
  8262 | D:7      | Reached skill level 5 in Evocations
  9284 | D:8      | Identified the +1 robe "Ownes" {Fly Will- Int+7 SInv}
  9355 | D:8      | Reached skill level 5 in Armour
  9497 | D:8      | Found Raunappekh's Armour Boutique.
  9529 | D:8      | Bought a +0 pair of gloves for 54 gold pieces
  9551 | D:8      | Reached XP level 10. HP: 53/61 MP: 10/10
  9623 | D:8      | Noticed a cyclops
  9640 | D:8      | Killed a cyclops
  9641 | D:8      | Reached skill level 11 in Maces & Flails
  9939 | D:9      | Found a glowing silver altar of Zin.
  9939 | D:9      | Found an ancient bone altar of Kikubaaqudgha.
  9940 | D:9      | Found an ornate altar of the Wu Jian Council.
 10260 | D:9      | Found an iron altar of Okawaru.
 10308 | D:9      | Noticed Erolcha
 10907 | D:9      | Identified the +9 rapier of Duty {drain, rCorr Dex-3 SInv}
 10991 | D:9      | Found a staircase to the Orcish Mines.
 11198 | D:10     | Entered Level 10 of the Dungeon
 11293 | D:10     | Reached ***** piety under Trog
 11294 | D:10     | Reached skill level 12 in Maces & Flails
 11294 | D:10     | Reached XP level 11. HP: 69/69 MP: 11/11
 11430 | D:10     | Noticed Psyche
 11433 | D:10     | Killed Psyche
 11846 | D:10     | Found a hazy altar of Hepliaklqana.
 12519 | D:11     | Noticed Josephine
 12540 | D:11     | Killed Josephine
 12624 | D:11     | Found a runed translucent door.
 12624 | D:11     | Noticed a sixfirhy
 12635 | D:11     | Noticed a green ugly thing
 12652 | D:11     | Killed a green ugly thing
 12678 | D:11     | Killed a sixfirhy
 12679 | D:11     | Reached skill level 10 in Fighting
 12702 | D:11     | Found a staircase to the Lair.
 12744 | D:11     | Received a gift from Trog
 12919 | D:11     | Noticed a two-headed ogre
 12921 | D:11     | Killed a two-headed ogre
 12933 | D:11     | Reached skill level 13 in Maces & Flails
 13098 | D:11     | Noticed a boulder beetle
 13099 | D:11     | Noticed Maurice
 13105 | D:11     | Killed a boulder beetle
 13121 | D:11     | Killed Maurice
 13218 | D:11     | You fall into a shaft and drop 3 floors!
 13231 | D:14     | Noticed a brown ugly thing
 13231 | D:14     | Noticed a brown ugly thing
 13232 | D:14     | Noticed a brown ugly thing
 13241 | D:14     | Noticed a centaur warrior
 13259 | D:14     | Killed a centaur warrior
 13260 | D:14     | Reached XP level 12. HP: 47/77 MP: 12/12
 13268 | D:14     | Reached skill level 14 in Maces & Flails
 13296 | D:14     | Noticed a centaur warrior
 13328 | D:14     | Noticed a centaur warrior
 13335 | D:14     | Found a white marble altar of Elyvilon.
 13355 | D:14     | Killed a centaur warrior
 13355 | D:14     | Killed a centaur warrior
 13356 | D:14     | Reached skill level 15 in Maces & Flails
 13553 | D:14     | Noticed a centaur warrior
 13562 | D:14     | Killed a centaur warrior
 13596 | D:14     | Reached skill level 16 in Maces & Flails
 13695 | D:14     | Reached skill level 1 in Stealth
 13782 | D:14     | Noticed a boulder beetle
 13785 | D:14     | Noticed a centaur warrior
 13796 | D:14     | Killed a boulder beetle
 13797 | D:14     | Reached skill level 1 in Throwing
 13801 | D:14     | Killed a centaur warrior
 13986 | D:12     | Reached XP level 13. HP: 83/83 MP: 13/13
 14015 | D:12     | Noticed Frances
 14029 | D:12     | Killed Frances
 15108 | D:12     | Noticed Sonja
 15115 | D:12     | Killed Sonja
 15197 | D:12     | Found Lutze's Armour Boutique.
 15781 | Lair:1   | Entered Level 1 of the Lair of Beasts
 15830 | Lair:1   | Reached skill level 5 in Throwing
 17920 | Lair:2   | Identified the +5 trident "Avozezow" {drain, Int+6}
 18038 | Lair:2   | Reached skill level 10 in Armour
 18073 | Lair:2   | Found a staircase to the Swamp.
 18776 | Lair:2   | Found a shimmering altar of Xom.
 19047 | Lair:3   | Gained mutation: Your large and strong wings let you fly.
                  | [Gargoyle growth]
 19047 | Lair:3   | Reached XP level 14. HP: 74/90 MP: 14/14
 19112 | Lair:3   | Found a dark tunnel.
 19125 | Volcano  | Entered a volcano
 19150 | Abyss:2  | Cast into level 2 of the Abyss (a wizard)
 19242 | Abyss:3  | Noticed a starcursed mass
 19265 | Abyss:3  | Noticed a starflower
 19265 | Abyss:3  | Noticed a starflower
 19266 | Abyss:3  | Noticed a starflower
 19266 | Abyss:3  | Noticed a starflower
 19270 | Abyss:3  | HP: 2/90 [starflower (3)]
 19270 | Abyss:3  | Slain by a starflower

Illustrated notes

Levels and vault maps discovered:
D:1:      saegor_arrival_simple_e, layout_basic,
          hellmonk_ecumenical_altar_inner_sanctum
D:2:      layout_loops_corners, uniq_sigmund, uniq_jessica
D:3:      layout_basic, lemuel_tele_altar
D:4:      layout_layer_cave, reono_crystal_passage, roderic_serpentine_path,
          uniq_ijyb
D:5:      layout_gridville, nicolae_uskayaw_en_pointe, gup_sewer_entry_spiral,
          serial_bayou_pond_e, chequers_arboretum, uniq_eustachio
D:6:      minmay_general_purpose_star, layout_basic, minmay_temple_entry_hall,
          enter_ossuary_1, serial_park_tiny_2, uniq_pikel
D:7:      layout_basic, st_stairs_10, minivault_1
D:8:      layout_loops_corners, nicolae_stop_n_shop_2
D:9:      layout_small_grid, kennysheep_okawaru_gauntlet,
          gammafunk_temple_overflow_forgotten, erik_orc_1, uniq_erolcha
D:10:     layout_stronghold, lemuel_doored_altar, uniq_psyche
D:11:     cheibrodos_shockbox, layout_irregular_city, lair_entry_dummy,
          uniq_josephine, uniq_maurice
D:12:     layout_basic, serial_shops, nicolae_shop_window_shopping,
          hangedman_decor_opposing, uniq_frances, uniq_sonja
D:13:     layout_cave_pools, grunt_vaults_entry_tiered
D:14:     layout_big_octagon, elyvilon_altar_4
Lair:1:   lemuel_reptile_caves, layout_hall_layers, minmay_stone_trees_small,
          lemuel_fruit_fields, serial_bayou_shore_b, infiniplex_staircase_pool,
          serial_bayou_shore_a
Lair:2:   layout_cave_pods, minmay_swamp_entry_swarm, basic_altar,
          lemuel_fruit_tree
Lair:3:   layout_regular_city, nicolae_volcano_entry_batcave
Abyss:3:  base: D:15, spicy_abyss_helpful_harpoons,
          spicy_abyss_helpful_harpoons, hangedman_abyss_river_spirits,
          due_evilmike_abyss_rune_seething_liches
Volcano:  volcano_bunker

Skill      XL: |  1  2  3  4  5  6  7  8  9 10 11 12 13 14 |
---------------+-------------------------------------------+-----
Maces & Flails | 4 5 6 7 10 12 13 16 | 16.0
Evocations     | 3 5 7 8 9 |  9.4
Fighting       | 5 6 8 10 11 | 11.4
Armour         | 5 6 10 | 10.5
Stealth        | 1 |  1.8
Throwing       | 1 6 |  6.0
Dodging        | |  1.7

Action                   |  1- 3 |  4- 6 |  7- 9 | 10-12 | 13-15 || total
-------------------------+-------+-------+-------+-------+-------++-------
Melee: Mace              |    79 |   160 |   235 |       |       ||   474
       Punch             |       |     1 |     5 |     3 |    12 ||    21
       Flail             |       |       |    69 |       |       ||    69
       Morningstar       |       |       |   264 |   469 |   469 ||  1202
Throw: Dart              |       |       |       |    12 |    11 ||    23
Invok: Berserk           |       |     3 |     3 |     5 |     3 ||    14
       Trog's Hand       |       |       |     2 |     3 |     3 ||     8
Evoke: Wand              |       |     9 |    11 |    25 |     4 ||    49
       Tin of tremorston |       |       |       |       |     2 ||     2
  Use: Scroll            |       |     3 |     6 |     8 |    13 ||    30
       Potion            |       |       |     2 |       |       ||     2
 Stab: Confused          |       |       |       |     2 |     2 ||     4
Armor: Animal skin       |    19 |       |       |       |       ||    19
       Ring mail         |    26 |    68 |   161 |    25 |       ||   280
       Scale mail        |       |       |   112 |    24 |       ||   136
       Plate armour      |       |       |       |   317 |   263 ||   580
Dodge: Dodged            |    64 |    86 |   325 |   381 |   310 ||  1166

Table legend: (Time is in decaauts)
 A = Elapsed time spent in this place.
 B = Non-inter-level travel time spent in this place.
 C = Inter-level travel time spent in this place.
 D = Time resting spent in this place.
 E = Time spent auto-exploring this place.
 F = Levels seen in this place.
 G = Mean time per level.
                   A        B        C        D        E       F      G
               +--------+--------+--------+--------+--------+-----+--------+
         Total |  19363 |  18744 |    619 |   1972 |  11851 |  22 |  880.1 |
       Dungeon |  14973 |  14418 |    555 |   1394 |   9345 |  14 | 1069.5 |
          Lair |   2994 |   2930 |     64 |    410 |   1934 |   3 |  998.0 |
         Abyss |    116 |    116 |      0 |      0 |      0 |   2 |   58.0 |
         Sewer |    749 |    749 |      0 |     51 |    395 |   1 |  749.0 |
       Ossuary |    507 |    507 |      0 |    117 |    176 |   1 |  507.0 |
       Volcano |     22 |     22 |      0 |      0 |      0 |   1 |   22.0 |
               +--------+--------+--------+--------+--------+-----+--------+

Top non-repeatable levels by time:
    D:12: 1774 daAuts
  Lair:1: 1731 daAuts
     D:3: 1509 daAuts
     D:4: 1480 daAuts
     D:5: 1475 daAuts
     D:9: 1319 daAuts
    D:10: 1221 daAuts
     D:6: 1184 daAuts
    D:11: 1120 daAuts
  Lair:2: 1101 daAuts
     D:1: 1051 daAuts
     D:8: 1002 daAuts
     D:7: 762 daAuts
   Sewer: 749 daAuts
    D:14: 707 daAuts
